 Dungeon Crawl Stone Soup version 0.29-a0-330-g52719c12eb (webtiles) character file.

Game seed: 15736830930291821299

35 kae the Firebug (level 3, -2/26 HPs)
             Began as a Demigod Fire Elementalist on May 20, 2022.
             Succumbed to a goblin's poison
             ... on level 1 of the Dungeon.
             The game lasted 00:00:56 (1427 turns).

kae the Firebug (Demigod Fire Elementalist)         Turns: 1427, Time: 00:00:56

Health: -2/26      AC:  3    Str:  9    XL:     3   Next: 4%
Magic:  6/8        EV: 12    Int: 21    God:
Gold:   52         SH:  0    Dex: 14    Spells: 3/6 levels left

rFire   . . .      SeeInvis .   c - +0 short sword
rCold   . . .      Faith    .   (no shield)
rNeg    . . .      Spirit   .   a - +1 robe
rPois   .          Reflect  .   (no helmet)
rElec   .          Harm     .   (no cloak)
rCorr   .          Rampage  .   (no gloves)
Will    .....                   (no boots)
Stlth   ++........              (no amulet)
HPRegen 0.08/turn               (no ring)
MPRegen 0.11/turn               (no ring)

@: lethally poisoned (-2 -> -23)
A: high MP 1, forlorn, divine attributes
a: no special abilities


You were on level 1 of the Dungeon.
You visited 1 branch of the dungeon, and saw 2 of its levels.

You collected 52 gold pieces.

Inventory:

Hand Weapons
 c - a +0 short sword (weapon)
Armour
 a - a +1 robe (worn)
Jewellery
 f - a ring of positive energy
 g - a ring of wizardry
Scrolls
 d - 2 scrolls of identify
 e - a scroll of noise
Potions
 b - a potion of magic
 h - a potion of heal wounds


   Skills:
 - Level 1.7 Dodging
 - Level 1.7 Stealth
 + Level 2.1 Spellcasting
 * Level 1.8 Conjurations
 * Level 3.2 Fire Magic


You had 3 spell levels left.
You knew the following spells:

 Your Spells              Type           Power      Damage    Failure   Level
a - Foxfire               Conj/Fire      52%        2x1d6     4%          1
b - Scorch                Fire           30%        2d7       6%          2

Your spell library contained the following spells:

 Spells                   Type           Power      Damage    Failure   Level
 Conjure Flame            Conj/Fire      13%        6-21      16%         3
 Inner Flame              Hex/Fire       9%         N/A       22%         3
 Flame Wave               Conj/Fire      13%        2d6       45%         4


Dungeon Overview and Level Annotations

Branches:
Dungeon (2/15)


Innate Abilities, Weirdness & Mutations

You have an increased reservoir of magic. (+10% MP)
You shall have no god before yourself.
Your divine heritage dramatically boosts your attributes as you level up.


Message History

Beogh smites you!
Ouch! That really hurt!
* * * LOW HITPOINT WARNING * * *
The orc attacks as you move away! The orc barely misses you.
The orc attacks as you move away! The orc barely misses you.
The orc attacks as you move away! The orc barely misses you.
You feel much better. The orc hits you with a +0 falchion!
The orc attacks as you move away! The orc hits you with a +0 falchion.
The orc attacks as you move away! The orc hits you with a +0 falchion.
A kobold comes into view. It is wielding a +0 dagger.
The kobold shouts!
The orc attacks as you move away! The orc misses you.
The orc attacks as you move away! The orc closely misses you.
The goblin shouts!
The kobold hits you with a +0 dagger. The orc attacks as you move away!
The orc closely misses you. The kobold closely misses you.
The goblin misses you. The goblin barely misses you.
There is a stone staircase leading up here.
The kobold closely misses you. The orc barely misses you.
The goblin hits you with a +1 dagger of venom.
You are poisoned.
You climb upwards.
* * * LOW HITPOINT WARNING * * *
You feel very sick.
There is a stone staircase leading down here.
You feel better.
The goblin hits you with a +1 dagger of venom.
You are lethally poisoned!
The orc hits you with a +0 falchion.
Casting: Foxfire (safe; 5% risk of failure)
Confirm with . or Enter, or press ? or * to list all spells.
Flames lash the orc.
You kill the orc!
* * * LOW HITPOINT WARNING * * *
You feel very sick.
The goblin hits you with a +1 dagger of venom.
* * * LOW HITPOINT WARNING * * *
You are more poisoned.
You die...

#.......)##.........### #.
#......#÷(.........÷..#####.
#......###.........#........
######## #.........#..#.....
#####....##............
#...........#####..####
###.########...........##
#......###############..[
######Kg@))..............
#################... ####


You could see a goblin and a kobold.

Vanquished Creatures
  A worm (D:2)
  2 orcs
  4 ball pythons
  3 bats (D:1)
  3 endoplasms (D:1)
  4 goblins (D:1)
  A hobgoblin (D:1)
  A quokka (D:1)
  3 frilled lizards (D:1)
  4 kobolds (D:1)
  2 rats (D:1)
28 creatures vanquished.

Vanquished Creatures (collateral kills)
  A foxfire (D:1)
1 creature vanquished.

Vanquished Creatures (others)
  81 foxfires
81 creatures vanquished.

Grand Total: 110 creatures vanquished

Notes
Turn   | Place    | Note
-------+----------+-------------------------------------------
     0 | D:1      | kae the Demigod Fire Elementalist began the quest for the
                  | Orb.
     0 | D:1      | Reached XP level 1. HP: 14/14 MP: 5/5
     8 | D:1      | Reached skill level 1 in Conjurations
   303 | D:1      | Reached skill level 3 in Fire Magic
   303 | D:1      | Reached XP level 2. HP: 20/20 MP: 4/7
   365 | D:1      | Learned a level 2 spell: Scorch
  1379 | D:2      | Reached XP level 3. HP: 26/26 MP: 5/8
  1427 | D:1      | Succumbed to a goblin's poison

Illustrated notes

Levels and vault maps discovered:
D:1:      eino_arrival_water_cross, layout_rooms,
          chequers_ecumenical_altar_simple
D:2:      cheibrodos_pilgrimage, layout_loops_corners

Skill      XL: |  1  2 |
---------------+-------+-----
Conjurations   | 1 |  1.8
Fire Magic     | 3 |  3.2
Spellcasting   | 2 |  2.1
Dodging        | |  1.7
Stealth        | |  1.7

Action                   || total
-------------------------++-------
Melee: Unarmed           ||     5
       Short sword       ||     2
 Cast: Foxfire           ||    52
       Scorch            ||     2
  Use: Scroll            ||     5
       Potion            ||     3
Armor: Robe              ||     3
Dodge: Dodged            ||    39

Table legend: (Time is in decaauts)
 A = Elapsed time spent in this place.
 B = Non-inter-level travel time spent in this place.
 C = Inter-level travel time spent in this place.
 D = Time resting spent in this place.
 E = Time spent auto-exploring this place.
 F = Levels seen in this place.
 G = Mean time per level.
                   A        B        C        D        E       F      G
               +--------+--------+--------+--------+--------+-----+--------+
         Total |   1427 |   1410 |     17 |      0 |   1174 |   2 |  713.5 |
       Dungeon |   1427 |   1410 |     17 |      0 |   1174 |   2 |  713.5 |
               +--------+--------+--------+--------+--------+-----+--------+

Top non-repeatable levels by time:
     D:1: 1052 daAuts
     D:2: 374 daAuts
